 Dungeon Crawl Stone Soup version 0.29.0-5-ge4962eb29e (webtiles) character file.

Game seed: 14063915392105575229

588 Elsvaer the Conjurer (level 7, -5/36 HPs)
             Began as a Deep Elf Conjurer on Aug 28, 2022.
             Was an Initiate of Vehumet.
             Blown up by Ijyb (18 damage)
             ... with a mindburst bolt
             ... on level 5 of the Dungeon.
             The game lasted 00:06:34 (2638 turns).

Elsvaer the Conjurer (Deep Elf Conjurer)            Turns: 2638, Time: 00:06:35

Health: -5/36      AC:  3    Str:  4    XL:     7   Next: 15%
Magic:  10/16      EV: 12    Int: 23    God:    Vehumet [......]
Gold:   164        SH:  0    Dex: 13    Spells: 11/18 levels left

rFire   . . .      SeeInvis .   n - staff of earth
rCold   . . .      Faith    .   (no shield)
rNeg    . . .      Spirit   .   a - +1 robe
rPois   .          Reflect  .   (no helmet)
rElec   .          Harm     .   (no cloak)
rCorr   .          Rampage  .   (no gloves)
Will    .....                   (no boots)
Stlth   ++........              g - amulet of magic regeneration
HPRegen 0.12/turn               (no ring)
MPRegen 0.55/turn               (no ring)

@: studying Short Blades
A: claws 1, dopey 1, low MP 1, mutation resistance 1, screaming 1
a: Renounce Religion


You were on level 5 of the Dungeon.
You worshipped Vehumet.
Vehumet was noncommittal.
You visited 2 branches of the dungeon, and saw 6 of its levels.

You collected 164 gold pieces.

Inventory:

Armour
 a - a +1 robe (worn)
Magical Staves
 n - a staff of earth (weapon)
Jewellery
 c - a +4 ring of protection
 g - an amulet of magic regeneration (around neck)
Scrolls
 d - a scroll of fear
 h - 4 scrolls of teleportation
 i - 2 scrolls of amnesia
Potions
 b - a potion of magic
 e - a potion of degeneration {unknown}
 l - a potion of curing {unknown}
 o - a potion of heal wounds


   Skills:
 - Level 2.4 Dodging
 - Level 2.4 Stealth
 + Level 6.4 Spellcasting
 + Level 7.0 Conjurations
 + Level 4.7 Hexes


You had 11 spell levels left.
You knew the following spells:

 Your Spells              Type           Power      Damage    Failure   Level
a - Magic Dart            Conj           100%       1d8       1%          1
b - Searing Ray           Conj           78%        2d7       1%          2
c - Fulminant Prism       Conj/Hex       17%        3d11      7%          4

Your spell library contained the following spells:

 Spells                   Type           Power      Damage    Failure   Level
 Dazzling Flash           Conj/Hex       68%        N/A       2%          3
 Iskenderun's Mystic Bla  Conj/Tloc      23%        2d6       19%         4


Dungeon Overview and Level Annotations

Branches:
Dungeon (5/15)             Temple (1/1) D:5

Altars:
Dithmenos
Fedhas
Gozag
Hepliaklqana
Kikubaaqudgha
Nemelex Xobeh
Okawaru
Qazlal
Ru
Sif Muna
Uskayaw
Vehumet
Wu Jian
Xom
Yredelemnul
Zin

Annotations:
D:5 Blork the orc, Ijyb


Innate Abilities, Weirdness & Mutations

You have sharp fingernails.
You are dopey. (Int -2)
Your magical capacity is low. (-10% MP)
You are somewhat resistant to further mutation.
You occasionally shout uncontrollably at your foes.


Message History

The iguana bites you!
You are too injured to fight recklessly!
You are too injured to fight recklessly!
You are too injured to fight recklessly!
You are too injured to fight recklessly!
Casting: Magic Dart (safe; 1% risk of failure)
Confirm with . or Enter, or press ? or * to list all spells.
Aiming: Searing Ray (safe; 1% risk of failure)
Press: ? - help, Shift-Dir - straight line, f/p - iguana
Aim: an iguana (heavily wounded, 83% to hit)
The searing ray hits the iguana!
You kill the iguana!
Vehumet accepts your kill. (Press . to maintain the ray.)
You start resting.
Ijyb the Twisted Goblin comes into view.
She is wielding a +0 club and carrying a wand of mindburst (5).
Ijyb is nearby!
Casting: Searing Ray (safe; 1% risk of failure)
Confirm with . or Enter, or press ? or * to list all spells.
The spell is quite dangerous to miscast (7% risk of failure)!
Continue anyway?
Aiming: Fulminant Prism (quite dangerous; 7% risk of failure)
Press: ? - help, Dir - move target You conjure a prism of explosive energy!
Ijyb shouts!
A fulminant prism comes into view.
You hear an angry hiss.
An iguana comes into view.
Your fulminant prism crackles loudly.
There is a stone staircase leading up here.
Casting: Fulminant Prism (quite dangerous; 7% risk of failure)
Confirm with . or Enter, or press ? or * to list all spells.
Aiming: Searing Ray (safe; 1% risk of failure)
Press: ? - help, Shift-Dir - straight line, f - Ijyb
Aim: Ijyb, wielding a +0 club, wearing a +0 leather armour and carrying a wand of mindburst (5) (ally target, 76% to hit)
The searing ray hits Ijyb!
Ijyb is moderately wounded. (Press . to maintain the ray.) Ijyb zaps a wand.
Your mind is blasted!
Ouch! That really hurt!
You die...

# .# ###
†#
#....##.#
. #.#....
...
##.†.#
.....#†@#
#....)#
#...)##
.......
.....*g
.##.#.l
#.#.. #
#.. #.#


You could see Ijyb (ally target), an iguana and a friendly fulminant prism.

Vanquished Creatures
  Edmund (D:5)
  A black bear (D:4)
  An ogre (D:4)
  A scorpion (D:4)
  3 iguanas
  6 adders
  5 worms
  2 dart slugs
  7 orcs
  6 endoplasms
  2 giant cockroaches
  15 goblins
  11 hobgoblins
  8 jackals
  3 quokkas
  9 ball pythons
  6 bats
  2 frilled lizards
  4 kobolds
  A rat (D:2)
94 creatures vanquished.

Vanquished Creatures (others)
  A fulminant prism (D:5)
  6 fungi (D:5)
7 creatures vanquished.

Grand Total: 101 creatures vanquished

Notes
Turn   | Place    | Note
-------+----------+-------------------------------------------
     0 | D:1      | Elsvaer the Deep Elf Conjurer began the quest for the Orb.
     0 | D:1      | Reached XP level 1. HP: 10/10 MP: 6/6
   174 | D:1      | Reached XP level 2. HP: 15/15 MP: 6/8
   177 | D:1      | Learned a level 2 spell: Searing Ray
   193 | D:1      | Found a faded altar of an unknown god.
   455 | D:1      | Reached skill level 5 in Conjurations
   948 | D:2      | Reached XP level 3. HP: 19/19 MP: 8/10
  1253 | D:3      | Reached XP level 4. HP: 24/24 MP: 8/12
  1258 | D:3      | Learned a level 4 spell: Fulminant Prism
  1724 | D:4      | Reached skill level 1 in Hexes
  1790 | D:4      | Noticed a scorpion
  1804 | D:4      | Killed a scorpion
  1805 | D:4      | Reached skill level 6 in Conjurations
  1805 | D:4      | Reached XP level 5. HP: 28/28 MP: 10/14
  1833 | D:4      | Noticed a black bear
  1840 | D:4      | Killed a black bear
  1841 | D:4      | Reached skill level 5 in Spellcasting
  1841 | D:4      | Reached XP level 6. HP: 32/32 MP: 8/15
  2226 | D:4      | Gained mutation: You are agile. (Dex +4, Str/Int -1)
                  | [potion of mutation]
  2226 | D:4      | Gained mutation: You have hidden genetic defects. [potion
                  | of mutation]
  2226 | D:4      | Gained mutation: Your magical capacity is low. (-10% MP)
                  | [potion of mutation]
  2226 | D:4      | Gained mutation: You have sharp fingernails. [potion of
                  | mutation]
  2227 | D:4      | Lost mutation: You are agile. (Dex +4, Str/Int -1) [potion
                  | of mutation]
  2227 | D:4      | Lost mutation: You have hidden genetic defects. [potion of
                  | mutation]
  2227 | D:4      | Gained mutation: You occasionally shout uncontrollably at
                  | your foes. [potion of mutation]
  2227 | D:4      | Gained mutation: You are somewhat resistant to further
                  | mutation. [potion of mutation]
  2227 | D:4      | Gained mutation: You are dopey. (Int -2) [potion of
                  | mutation]
  2241 | D:5      | Entered Level 5 of the Dungeon
  2241 | D:5      | Noticed Blork the orc
  2241 | D:5      | Found a staircase to the Ecumenical Temple.
  2244 | Temple   | Entered the Ecumenical Temple
  2401 | Temple   | Became a worshipper of Vehumet
  2560 | D:5      | Noticed Edmund
  2567 | D:5      | Killed Edmund
  2568 | D:5      | Reached skill level 7 in Conjurations
  2568 | D:5      | Reached XP level 7. HP: 20/36 MP: 6/16
  2635 | D:5      | Noticed Ijyb
  2638 | D:5      | Blown up by Ijyb

Illustrated notes

Levels and vault maps discovered:
D:1:      dpeg_arrival_rooms_b, layout_basic, ebering_ecumenical_altar_mist,
          minmay_misc_feat_x, minmay_misc_feat_chi
D:2:      layout_rooms, uniq_crazy_yiuf_cottage
D:3:      layout_rooms, minmay_ruptured
D:4:      layout_gridville, minmay_ogre_servants
D:5:      old_forge, layout_rooms, nicolae_elyvilon_peaceful_grove,
          mainiacjoe_overflow_tiny_flanked, temple_statues, dk_noncrumbling_3,
          uniq_ijyb, uniq_edmund, uniq_pikel, uniq_blork_the_orc
Temple:   eino_temple_rhombus

Skill      XL: |  1  2  3  4  5  6 |
---------------+-------------------+-----
Conjurations   | 5 6 7 |  7.0
Spellcasting   | 4 5 6 |  6.4
Hexes          | 2 3 4 |  4.7
Dodging        | |  2.4
Stealth        | |  2.4

Action                   |  1- 3 |  4- 6 |  7- 9 || total
-------------------------+-------+-------+-------++-------
 Cast: Magic Dart        |    72 |    84 |    16 ||   172
       Searing Ray       |       |     9 |     2 ||    11
       Fulminant Prism   |       |     1 |     1 ||     2
  Use: Scroll            |     6 |     4 |       ||    10
       Potion            |       |     2 |       ||     2
Armor: Robe              |     4 |     2 |     1 ||     7
Dodge: Dodged            |     4 |    10 |     1 ||    15
